 Dungeon Crawl Stone Soup version 0.31-a0-233-g139696dc86 (webtiles) character file.

Game seed: 17728364370687337783

38549 Gargoyl the Cruncher (level 14, 0/92 HPs)
             Began as a Gargoyle Berserker on July 8, 2023.
             Was an Elder of Trog.
             Slain by a bog body (12 damage)
             ... on level 3 of the Lair of Beasts.
             The game lasted 00:21:39 (15220 turns).

Gargoyl the Cruncher (Gargoyle Berserker)          Turns: 15220, Time: 00:21:40

Health: 0/92       AC: 26    Str: 21    XL:     14   Next: 2%
Magic:  1/14       EV: 14    Int:  9    God:    Trog [****..]
Gold:   1679       SH:  0    Dex: 13    Spells: 13/13 levels left

rFire   + + .        o - +4 quarterstaff (chaos)
rCold   . . .        (shield currently unavailable)
rNeg    + + .        z - +0 ring mail "Dulokeus" {rF++}
rPois   ∞            (helmet restricted)
rElec   +            p - +2 cloak
rCorr   .            l - +1 pair of gloves {infuse}
SInv    .            m - +1 pair of boots
Will    +....        (no amulet)
Stlth   ++           b - ring of positive energy
HPRegen 0.35/turn    (no ring)
MPRegen 0.14/turn

%: infuse magic (1 MP)
@: flying
A: sickness immunity, AC +10, big wings, negative energy resistance 1,
electricity resistance, torment resistance 1, petrification resistance, beak,
hooves 1, passive freeze
a: Renounce Religion, Berserk, Trog's Hand, Brothers in Arms


You were on level 3 of the Lair of Beasts.
You worshipped Trog.
Trog was greatly pleased with you.
You visited 2 branches of the dungeon, and saw 15 of its levels.

You collected 2145 gold pieces.
You spent 466 gold pieces at shops.

Inventory:

Hand Weapons
 o - a +4 quarterstaff of chaos (weapon)
 C - a +2 falchion
Missiles
 j - 54 poisoned darts (quivered)
 D - 2 throwing nets
Armour
 i - a +0 helmet
 l - a +1 pair of gloves of infusion (worn)
 m - a +1 pair of boots (worn)
 p - a +2 cloak (worn)
 z - the +0 ring mail "Dulokeus" (worn) {rF++}
   (You found it on level 6 of the Dungeon)

   rF:        It greatly protects you from fire.
 G - a +2 kite shield of protection
Jewellery
 b - a ring of positive energy (left hand)
 u - an amulet of guardian spirit
 y - a +6 ring of intelligence
 B - a +5 ring of evasion
 E - an amulet of magic regeneration
 I - a ring of flight
Wands
 a - a wand of mindburst (18)
 r - a wand of roots (18)
 s - a wand of polymorph (17)
 t - a wand of paralysis (12)
 H - a wand of flame (24)
Scrolls
 c - 3 scrolls of teleportation
 d - a scroll of fear
 v - 3 scrolls of fog
 x - 2 scrolls of revelation
 K - a scroll of enchant armour
 L - a scroll of identify
Potions
 e - 8 potions of ambrosia
 f - 2 potions of might
 g - a potion of haste
 h - 2 potions of invisibility
 k - a potion of enlightenment
 n - a potion of heal wounds
 q - 4 potions of resistance {unknown}
 w - a potion of lignification {unknown}
 A - 4 potions of curing
 F - 2 potions of mutation
 M - a potion of berserk rage {unknown}


   Skills:
 + Level 12.2 Fighting
 + Level 6.1 Axes
 + Level 14.7 Staves
 + Level 2.2 Throwing
 + Level 10.6 Armour
 + Level 8.0 Dodging
 + Level 5.6 Stealth


You had 13 spell levels left.
You didn't know any spells.
Your spell library was empty.

Dungeon Overview and Level Annotations

Branches:
Dungeon (12/15)            Temple (0/1) D:6            Lair (3/5) D:11
 Spider (0/4) Lair:2          Orc (0/2) D:9
  Swamp: Lair:2-3    Shoals: Lair:2-3

Altars:
Ashenzari
Cheibriados
Fedhas
Gozag
Nemelex Xobeh
Sif Muna
Uskayaw
Xom
Jiyva

Shops:
D:4 !   D:5 *   D:7 *   D:8 **   D:10 *

Annotations:
D:12 5 runed translucent doors, Umyoka's ghost, journeyman MiBe


Innate Abilities, Weirdness & Mutations

You are immune to sickness and miasma.
Your stone body is resilient. (AC +10)
You are immune to poison.
Your large and strong wings let you fly.
You resist negative energy. (rN+)
You are resistant to electric shocks. (rElec)
You are resistant to unholy torment.
You are immune to petrification.
You have a beak for a mouth.
You have large cloven feet.
A frigid envelope surrounds you and freezes all who hurt you.


Message History

Your peck misses the komodo dragon.
The komodo dragon is almost dead.
You bludgeon the komodo dragon!!
You kill the komodo dragon!
Trog accepts your kill.
Unknown command.
Unknown command.
The swamp worm fires a harpoon shot at you.
The harpoon shot hits you!
You are yanked forward by the harpoon shot.
A swamp worm comes into view.
You bludgeon the swamp worm!! You burn the swamp worm. You peck the swamp worm.
The swamp worm is severely wounded.
The swamp worm fires a harpoon shot at you.
The harpoon shot hits you.
You are yanked forward by the harpoon shot.
A bog body comes into view.
You miss the swamp worm. Your peck misses the swamp worm.
The sentinel's mark upon you fades away.
You sock the swamp worm!
The swamp worm is poisoned.
You peck the swamp worm.
The swamp worm is heavily wounded.
The swamp worm closely misses you.
The swamp worm attacks as you move away!
The swamp worm bites you!
* * * LOW HITPOINT WARNING * * *
The swamp worm is very cold.
The swamp worm is severely wounded.
The swamp worm misses you.
Unknown command.
You barely miss the swamp worm.
The swamp worm is severely wounded.
The swamp worm bites you but does no damage.
The swamp worm is very cold.
The swamp worm is almost dead.
You closely miss the swamp worm.
The swamp worm is severely wounded.
The swamp worm closely misses you. The bog body touches you!
* * * LOW HITPOINT WARNING * * *
The bog body freezes you!
You die...

.....^........# #...........#
......# #.........# ......P..
#........## .........# #####
##..†.....##
........P#######.#.###.#......#.#
...............<.................
.......>.......n.....[†..........
...............w@w.........†.....
.................................
......................P..........
........#.#.#..P.####..P......##.
...........####### ###.....>.# #
P.........P#.♣ ##........
.............♣ .......###
........♣♣♣♣♣♣ ♣♣ ♣♣♣......
......♣♣♣~≈~♣♣~≈≈§


You could see a bog body and 2 swamp worms.

Vanquished Creatures
  Harold (D:9)
  A hydra (Lair:2)
  3 boulder beetles (D:12)
  Erica (D:8)
  5 two-headed ogres
  Nergalle (D:11)
  2 bog bodies (Lair:3)
  An obsidian statue (D:12)
  A deep elf pyromancer (D:12)
  4 cyclopes
  An ugly thing (D:12)
  3 black mambas
  Maurice (D:12)
  An orange demon (Lair:1)
  A gargoyle (D:12)
  9 cane toads (Lair:1)
  12 komodo dragons
  2 rime drakes
  2 trolls (D:9)
  A polar bear (Lair:1)
  2 hornets
  A tarantella (shapeshifter) (Lair:1)
  7 blink frogs
  2 jumping spiders (Lair:2)
  4 shadows
  2 wyverns (D:9)
  A vampire (D:11)
  3 wraiths
  A basilisk (Lair:2)
  31 yaks
  Grum (Lair:1)
  A redback (Lair:2)
  A steam dragon (D:8)
  13 vampire mosquitoes
  7 water moccasins
  2 orc warriors (D:9)
  8 black bears
  7 wolves
  6 centaurs
  6 ogres
  4 kobold brigands
  13 bullfrogs
  4 gnoll sergeants
  4 scorpions
  9 wights
  9 killer bees
  2 electric eels
  A howler monkey (D:9)
  Crazy Yiuf (D:4)
  4 hounds
  4 orc priests
  3 jellies
  A sleepcap (D:6)
  8 iguanas
  Natasha (D:3)
  8 orc wizards
  15 gnolls
  6 adders
  3 shadow imps
  A white imp (D:6)
  An ufetubus (D:4)
  2 worms
  6 dart slugs
  23 orcs
  7 bats
  5 endoplasms
  2 giant cockroaches
  9 hobgoblins
  8 jackals
  29 kobolds
  2 quokkas (D:4)
  8 ball pythons
  4 frilled lizards
  9 goblins
  7 rats
382 creatures vanquished.

Vanquished Creatures (collateral kills)
  Lodul (D:12)
  3 blink frogs (Lair:3)
  3 yaks (Lair:3)
  2 ogres (D:12)
9 creatures vanquished.

Grand Total: 391 creatures vanquished

Notes
Turn   | Place    | Note
-------+----------+-------------------------------------------
     0 | D:1      | Gargoyl the Gargoyle Berserker began the quest for the Orb.
     0 | D:1      | Reached XP level 1. HP: 14/14 MP: 1/1
   330 | D:1      | Reached XP level 2. HP: 19/19 MP: 2/2
   652 | D:1      | Reached ** piety under Trog
   657 | D:1      | Reached XP level 3. HP: 24/24 MP: 3/3
   702 | D:1      | Found a faded altar of an unknown god.
  1624 | D:2      | Reached XP level 4. HP: 29/29 MP: 4/4
  1826 | D:3      | Identified the +8 chain mail "Dekag" {rF+ Int+3}
  2019 | D:3      | Noticed Natasha
  2027 | D:3      | Killed Natasha
  2036 | D:3      | Found a shimmering altar of Xom.
  2640 | D:4      | Reached XP level 5. HP: 33/33 MP: 5/5
  2774 | D:4      | Noticed a black bear
  2803 | D:4      | Killed a black bear
  2804 | D:4      | Reached XP level 6. HP: 17/38 MP: 6/6
  3082 | D:4      | Found Optoben's Distillery.
  3124 | D:4      | Bought a potion of heal wounds for 70 gold pieces
  3124 | D:4      | Bought a potion of mutation for 112 gold pieces
  3124 | D:4      | Gained mutation: You are occasionally teleported next to
                  | monsters. [potion of mutation]
  3124 | D:4      | Gained mutation: Armour fits poorly on your strangely
                  | shaped body. [potion of mutation]
  3124 | D:4      | Gained mutation: Your spells are a little harder to cast,
                  | but a little more powerful. [potion of mutation]
  3490 | D:4      | Reached *** piety under Trog
  3502 | D:4      | Found a runed translucent door.
  3503 | D:4      | Noticed Crazy Yiuf
  3588 | D:4      | Killed Crazy Yiuf
  3668 | D:5      | Entered Level 5 of the Dungeon
  3696 | D:5      | Reached skill level 5 in Armour
  3696 | D:5      | Reached XP level 7. HP: 25/44 MP: 7/7
  3779 | D:5      | Found Dicewkuh's Overcharged Wands.
  3786 | D:5      | Reached skill level 5 in Axes
  4037 | D:5      | Reached skill level 5 in Fighting
  4048 | D:5      | Lost mutation: Your spells are a little harder to cast, but
                  | a little more powerful. [potion of mutation]
  4048 | D:5      | Lost mutation: Armour fits poorly on your strangely shaped
                  | body. [potion of mutation]
  4048 | D:5      | Gained mutation: A frigid envelope surrounds you and
                  | freezes all who hurt you. [potion of mutation]
  4048 | D:5      | Gained mutation: You have large cloven feet. [potion of
                  | mutation]
  4097 | D:5      | Reached skill level 1 in Staves
  4133 | D:5      | Reached XP level 8. HP: 49/49 MP: 8/8
  4193 | D:5      | Reached skill level 1 in Stealth
  4507 | D:6      | Identified a scroll of acquirement
  4509 | D:6      | Acquired a +0 pair of gloves of infusion
  4638 | D:6      | Reached skill level 2 in Staves
  4764 | D:6      | Found a hide-covered altar of Uskayaw.
  4922 | D:6      | Identified the +0 ring mail "Dulokeus" {rF++}
  5028 | D:6      | Found a snail-covered altar of Cheibriados.
  5113 | D:6      | Noticed a hornet
  5118 | D:6      | Killed a hornet
  5119 | D:6      | Reached skill level 3 in Staves
  5395 | D:6      | Reached XP level 9. HP: 54/54 MP: 6/9
  5475 | D:6      | Found a staircase to the Ecumenical Temple.
  5501 | D:6      | Reached skill level 4 in Staves
  5547 | D:6      | Identified the +4 falchion "Donofoxka" {spect, +Blink
                  | rCorr}
  5764 | D:7      | Found an opulent altar of Gozag.
  5767 | D:7      | Found Gozag's Platinum Reserve.
  5890 | D:7      | Lost mutation: You are occasionally teleported next to
                  | monsters. [potion of mutation]
  5890 | D:7      | Lost mutation: A frigid envelope surrounds you and freezes
                  | all who hurt you. [potion of mutation]
  5890 | D:7      | Gained mutation: You have a beak for a mouth. [potion of
                  | mutation]
  5890 | D:7      | Gained mutation: A frigid envelope surrounds you and
                  | freezes all who hurt you. [potion of mutation]
  5998 | D:7      | Reached skill level 5 in Staves
  6380 | D:8      | Noticed Erica
  6388 | D:8      | Killed Erica
  6389 | D:8      | Reached skill level 6 in Staves
  6389 | D:8      | Reached XP level 10. HP: 61/61 MP: 5/10
  6403 | D:8      | Reached skill level 7 in Staves
  6656 | D:8      | Found Jeilum's Assorted Antiques.
  6665 | D:8      | Bought a runed chain mail for 172 gold pieces
  6758 | D:8      | Found Icluer's General Store.
  6947 | D:8      | Noticed a two-headed ogre
  6955 | D:8      | Killed a two-headed ogre
  6956 | D:8      | Reached skill level 8 in Staves
  6956 | D:8      | Reached skill level 5 in Dodging
  6962 | D:8      | Identified the +1 ring mail "Ynuiss" {Str+3 Slay+2}
  7018 | D:8      | Noticed a two-headed ogre
  7023 | D:8      | Killed a two-headed ogre
  7500 | D:9      | Reached skill level 9 in Staves
  7503 | D:9      | Found a staircase to the Orcish Mines.
  7630 | D:9      | Noticed Harold
  7653 | D:9      | Killed Harold
  7654 | D:9      | Reached XP level 11. HP: 42/68 MP: 4/11
  7737 | D:9      | Reached skill level 10 in Staves
  8309 | D:4      | Bought a potion of mutation for 112 gold pieces
  8661 | D:10     | Entered Level 10 of the Dungeon
  8815 | D:10     | Found a blossoming altar of Fedhas.
  9217 | D:10     | Found a broken altar of Ashenzari.
  9223 | D:10     | Found Mufras's Changing Room.
  9325 | D:10     | Found a sparkling altar of Nemelex Xobeh.
  9419 | D:11     | Noticed a cyclops
  9430 | D:11     | Killed a cyclops
  9531 | D:11     | Noticed Nergalle
  9540 | D:11     | Killed Nergalle
  9546 | D:11     | Noticed a two-headed ogre
  9550 | D:11     | Reached skill level 11 in Staves
  9565 | D:11     | Reached **** piety under Trog
  9572 | D:11     | Killed a two-headed ogre
  9849 | D:11     | Reached XP level 12. HP: 76/76 MP: 2/12
 10022 | D:11     | Found a staircase to the Lair.
 10024 | D:11     | Noticed a two-headed ogre
 10036 | D:11     | Killed a two-headed ogre
 10037 | D:11     | Reached skill level 1 in Throwing
 10213 | D:11     | Noticed a two-headed ogre
 10445 | D:11     | Killed a two-headed ogre
 10446 | D:11     | Reached skill level 12 in Staves
 10694 | D:12     | Found a runed translucent door.
 10701 | D:12     | Found a runed translucent door.
 10750 | D:12     | Noticed a boulder beetle
 10761 | D:12     | Killed a boulder beetle
 10826 | D:12     | Found a runed translucent door.
 10833 | D:12     | Noticed Lodul
 10844 | D:12     | Killed Lodul
 10858 | D:12     | Reached skill level 10 in Fighting
 10868 | D:12     | Noticed a boulder beetle
 10875 | D:12     | Killed a boulder beetle
 10986 | D:12     | Found a runed translucent gate.
 10986 | D:12     | Found a runed translucent gate.
 10986 | D:12     | Found a runed translucent gate.
 10986 | D:12     | Noticed an acid blob
 10986 | D:12     | Noticed Umyoka's ghost (journeyman MiBe)
 10986 | D:12     | Noticed an azure jelly
 10986 | D:12     | Noticed an azure jelly
 10986 | D:12     | Noticed a quicksilver ooze
 10986 | D:12     | Noticed an azure jelly
 10987 | D:12     | Noticed an azure jelly
 10988 | D:12     | Noticed an azure jelly
 11023 | D:12     | Noticed an acid blob
 11023 | D:12     | Noticed an azure jelly
 11024 | D:12     | Noticed an acid blob
 11026 | D:12     | Found a viscous altar of Jiyva.
 11289 | D:12     | Noticed Maurice
 11292 | D:12     | Noticed a boulder beetle
 11300 | D:12     | Killed Maurice
 11325 | D:12     | Killed a boulder beetle
 11326 | D:12     | Reached skill level 13 in Staves
 11438 | D:12     | Found a runed translucent door.
 11884 | D:12     | Reached skill level 10 in Armour
 12033 | Lair:1   | Entered Level 1 of the Lair of Beasts
 12126 | Lair:1   | Reached XP level 13. HP: 83/83 MP: 9/13
 12544 | Lair:1   | Noticed Amaemon
 12558 | Lair:1   | Amaemon changed into Amaemon the glowing shapeshifter
 12565 | Lair:1   | Reached skill level 5 in Stealth
 12803 | Lair:1   | Noticed Grum
 12810 | Lair:1   | Reached skill level 14 in Staves
 12818 | Lair:1   | Killed Grum
 13293 | Lair:1   | Found a shimmering blue altar of Sif Muna.
 13582 | Lair:2   | Identified the +4 ring mail of Vuufekeo {Int+4 Slay+6}
 14005 | Lair:2   | Found a hole to the Spider Nest.
 14663 | Lair:3   | Acquired 821 gold pieces
 15190 | Lair:3   | Gained mutation: Your large and strong wings let you fly.
                  | [Gargoyle growth]
 15190 | Lair:3   | Reached XP level 14. HP: 79/92 MP: 9/14
 15220 | Lair:3   | Slain by a bog body

Illustrated notes

Levels and vault maps discovered:
D:1:      dpeg_cavernosity, layout_basic,
          shapermc_ecumenical_altar_mp_urbaneastern, minmay_misc_feat_rugged,
          reono_crystal_passage, minmay_misc_feat_nine_boxes
D:2:      layout_loops_ring
D:3:      layout_loops_ring, old_standard_altar, uniq_natasha
D:4:      layout_loops_ring, serial_shops, shop_fountains,
          minmay_misc_feat_encased, uniq_crazy_yiuf_cottage
D:5:      layout_basic, nicolae_shop_overcharged_wands
D:6:      layout_loops_corners, old_standard_altar,
          eat_drink_and_be_merry_uskayaw, minmay_temple_entry_fiery
D:7:      layout_loops_cross, nicolae_gozag_zags_fifth_avenue,
          hangedman_abyss_or_decor_passed, fountainhead
D:8:      layout_basic, serial_shops, shop, nicolae_shop_waterfront, uniq_erica
D:9:      layout_rooms, david_orc_2, uniq_harold
D:10:     layout_cave_pools, fedhas_bush_and_centaur_altar,
          nemelex_spade_bored_becter, ashenzari_altar_1,
          nicolae_transmutations_shop
D:11:     layout_loops_ring, due_lair_maze_entry_diamond, st_stairs_11,
          kennysheep_opposing_triangles, uniq_nergalle
D:12:     layout_loops_cross, gammafunk_ghost_ooze, minmay_statue_crystal_thing,
          uniq_maurice, uniq_lodul
Lair:1:   layout_concentric_octagons, basic_altar, beast_lair_carwin_1,
          grunt_megastairs_5, uniq_grum, uniq_amaemon
Lair:2:   layout_loops_ring, spider_nest_entry_a, grunt_forest_stairs_basic,
          minmay_lindwurm_lava
Lair:3:   layout_hall_layers, nicolae_swamp_entry_splash_gauntlet,
          small_statue_intersection, minmay_holes

Skill      XL: |  1  2  3  4  5  6  7  8  9 10 11 12 13 |
---------------+----------------------------------------+-----
Axes           | 3 4 5 6 |  6.1
Armour         | 3 4 5 6 7 8 9 10 | 10.6
Dodging        | 2 3 4 5 6 8 |  8.0
Fighting       | 4 5 6 7 9 10 12 | 12.2
Staves         | 1 3 6 9 11 13 14 | 14.7
Stealth        | 1 2 3 4 5 |  5.6
Throwing       | 1 2 |  2.2

Action                     |  1- 3 |  4- 6 |  7- 9 | 10-12 | 13-15 || total
---------------------------+-------+-------+-------+-------+-------++-------
  Melee: Hand axe          |   129 |   249 |       |       |       ||   378
         Quarterstaff      |       |     9 |   127 |   378 |   262 ||   776
         Punch             |       |     1 |       |       |       ||     1
         Kick              |       |       |    27 |       |       ||    27
         Peck              |       |       |     6 |    83 |    57 ||   146
  Throw: Dart              |       |       |       |     9 |     2 ||    11
 Invoke: Berserk           |     1 |     5 |     7 |     8 |     3 ||    24
         Trog's Hand       |       |     4 |     3 |    17 |     6 ||    30
         Brothers in Arms  |       |       |       |     2 |     1 ||     3
    Use: Scroll            |     3 |     3 |     8 |     5 |     2 ||    21
         Potion            |       |     2 |     2 |     1 |       ||     5
   Stab: Confused          |       |       |       |     3 |       ||     3
         Sleeping          |       |       |       |       |     3 ||     3
         Petrifying        |       |       |       |       |     1 ||     1
 Armour: Ring mail         |    64 |     2 |    31 |   261 |   125 ||   483
         Animal skin       |     1 |       |       |       |       ||     1
         Chain mail        |       |   220 |    64 |       |       ||   284
  Dodge: Dodged            |    76 |   127 |    80 |   329 |   182 ||   794

Table legend: (Time is in decaauts)
 A = Elapsed time spent in this place.
 B = Non-inter-level travel time spent in this place.
 C = Inter-level travel time spent in this place.
 D = Time resting spent in this place.
 E = Time spent auto-exploring this place.
 F = Levels seen in this place.
 G = Mean time per level.
                   A        B        C        D        E       F      G
               +--------+--------+--------+--------+--------+-----+--------+
         Total |  15369 |  14638 |    731 |    555 |  10946 |  15 | 1024.6 |
       Dungeon |  12260 |  11576 |    684 |    535 |   8457 |  12 | 1021.7 |
          Lair |   3108 |   3061 |     47 |     19 |   2489 |   3 | 1036.0 |
               +--------+--------+--------+--------+--------+-----+--------+

Top non-repeatable levels by time:
     D:8: 1561 daAuts
  Lair:1: 1367 daAuts
    D:11: 1326 daAuts
    D:12: 1301 daAuts
  Lair:2: 1195 daAuts
     D:6: 1191 daAuts
     D:1: 1159 daAuts
     D:4: 1130 daAuts
     D:5: 968 daAuts
     D:3: 827 daAuts
     D:9: 816 daAuts
     D:7: 755 daAuts
     D:2: 693 daAuts
  Lair:3: 545 daAuts
    D:10: 527 daAuts
